Map: Catalyst LE

Players

RagnaroK (SHIN)

  • Race: Zerg Zerg
  • Spawn Location: 11:00

Neeb - Winner!

  • Race: Protoss Protoss
  • Spawn Location: 5:00

Event: IEM Season 12 - Katowice

VOD

Have the link to the VOD?

Description

Time

  • Played on: Feb. 27, 2018, 11:57 a.m.
  • Length: 14:02

All games in this series

Show
View Real Time Build Order
Export as new Build Order

RagnaroK Zerg 

Build Orders: Hatch First, Lurkers, Roach Hydra 

Get SALT Encoding   

  12  0:00  Drone  
  13  0:07  Drone  
  14  0:16  Overlord  
  14  0:22  Drone, Extractor  
  15  0:34  Drone  
  15  0:35  Drone  
  17  0:51  Hatchery  
  17  0:55  Drone  
  17  0:58  Drone  
  18  1:09  Extractor  
  17  1:13  Spawning Pool  
  17  1:16  Drone  
  17  1:20  Drone  
  18  1:27  Drone  
  19  1:37  Overlord  
  19  2:00  Queen, Zergling x4  
  23  2:03  Queen  
  23  2:05  Drone  
  26  2:09  Metabolic Boost  
  26  2:15  Drone x2  
  28  2:23  Drone  
  29  2:34  Hatchery  
  28  2:38  Zergling x4  
  28  2:44  Drone  
  31  2:47  Overlord  
  31  2:50  Drone  
  32  2:52  Drone  
  33  3:02  Zergling x2  
  33  3:05  Queen  
  34  3:06  Drone  
  34  3:12  Drone  
  38  3:15  Evolution Chamber, Drone x2  
  38  3:16  Drone  
  40  3:22  Drone x3  
  40  3:25  Drone  
  44  3:30  Spore Crawler  
  44  3:32  Spore Crawler  
  42  3:37  Drone x2  
  42  3:40  Overlord  
  44  3:45  Zerg Melee Weapons Level 1  
  44  3:47  Drone  
  46  3:48  Drone  
  46  3:52  Queen  
  48  3:56  Overlord  
  48  4:00  Drone  
  48  4:01  Drone  
  48  4:02  Drone  
  51  4:05  Overlord  
  51  4:15  Spore Crawler  
  51  4:16  Drone x3  
  51  4:17  Drone x2  
  51  4:23  Spore Crawler  
  52  4:25  Drone x4  
  52  4:29  Queen  
  58  4:32  Zergling x4  
  60  4:38  Lair  
  60  4:43  Extractor, Zergling x4  
  60  4:45  Extractor  
  60  4:50  Drone  
  60  4:52  Roach Warren  
  58  4:53  Drone  
  58  4:56  Zergling x4  
  58  4:59  Drone  
  62  5:05  Overlord  
  61  5:09  Drone x4  
  61  5:10  Drone  
  61  5:13  Zergling x4  
  66  5:19  Overlord x2  
  66  5:23  Overlord  
  66  5:25  Zergling x4  
  68  5:29  Zergling x6  
  69  5:36  Drone  
  69  5:37  Zergling x6  
  69  5:38  Glial Reconstitution  
  73  5:44  Drone  
  73  5:45  Drone x2  
  73  5:46  Drone x2  
  78  5:55  Zerg Missile Weapons Level 1  
  78  5:56  Drone x3  
  81  5:59  Drone  
  81  6:00  Drone, Hydralisk Den  
  81  6:03  Drone x2  
  83  6:05  Drone  
  83  6:06  Drone  
  83  6:07  Drone  
  86  6:12  Drone, Overlord  
  86  6:13  Overlord  
  86  6:15  Drone  
  86  6:17  Drone  
  88  6:23  Drone  
  88  6:24  Extractor x2  
  88  6:25  Drone  
  88  6:28  Drone x3, Extractor  
  88  6:30  Grooved Spines  
  90  6:33  Lurker Den  
  90  6:37  Drone x3  
  90  6:38  Drone  
  88  6:57  Hydralisk x6  
  88  7:00  Overlord, Hatchery  
  99  7:09  Hydralisk x3  
  99  7:11  Overlord  
  99  7:14  Hydralisk x2  
  109  7:18  Hydralisk  
  109  7:19  Hydralisk  
  109  7:21  Overlord  
  109  7:32  Roach, Hydralisk x2  
  109  7:33  Roach x3  
  120  7:39  Roach  
  120  7:40  Roach x3  
  128  7:46  Overlord, Muscular Augments  
  131  7:51  Roach, Zergling x8  
  134  7:59  Overseer  
  134  8:01  Overlord x2, Hydralisk  
  134  8:02  Roach  
  134  8:03  Overlord  
  138  8:05  Overlord  
  138  8:10  Zergling x6  
  141  8:17  Lurker x3  
  141  8:18  Lurker  
  143  8:20  Zergling x12  
  143  8:24  Queen  
  143  8:25  Lurker  
  152  8:30  Zergling x2  
  152  8:31  Zergling x14  
  160  8:36  Roach x3  
  160  8:38  Zerg Missile Weapons Level 2  
  166  8:41  Zergling x2  
  164  8:49  Hydralisk  
  164  8:50  Zergling x12  
  164  8:52  Zergling x4  
  164  8:56  Zergling x6  
  164  8:59  Zergling x6  
  164  9:04  Hydralisk  
  164  9:05  Zergling x2  
  164  9:07  Ravager x2  
  164  9:09  Overlord  
  167  9:13  Roach, Zergling x4  
  167  9:15  Overlord  
  164  9:19  Roach, Zergling x4  
  164  9:21  Roach, Zergling x2  
  164  9:23  Roach, Zergling x2  
  151  9:26  Roach x2  
  151  9:27  Zergling x2  
  151  9:29  Zergling x4  
  151  9:30  Zergling x2  
  147  9:35  Roach, Zergling x4  
  147  9:38  Roach x3  
  151  9:40  Lurker x5  
  151  9:42  Roach  
  151  9:44  Ravager  
  159  9:46  Zergling x6  
  159  9:47  Zergling x2  
  159  9:48  Zergling x2  
  159  9:50  Zergling x2  
  159  9:51  Zergling x2  
  159  9:52  Zergling x2  
  167  9:53  Zergling x2  
  167  9:54  Ravager  
  167  9:55  Ravager x2  
  167  9:56  Zergling x2  
  167  9:58  Ravager x3  
  167  9:59  Zergling x6  
  175  10:02  Zergling x4  
  175  10:03  Zergling x2  
  175  10:05  Zergling x2  
  175  10:06  Zergling x2  
  180  10:07  Zergling x2  
  180  10:09  Zergling x2  
  180  10:10  Zergling x2  
  180  10:11  Zergling x4  
  180  10:13  Zergling x2  
  185  10:16  Roach  
  185  10:17  Roach  
  185  10:18  Roach  
  185  10:19  Zergling x2  
  177  10:21  Roach  
  177  10:25  Hydralisk  
  177  10:26  Hydralisk  
  177  10:27  Zergling x2  
  167  10:29  Zergling x2  
  167  10:33  Zergling x4  
  167  10:34  Zergling x2  
  167  10:35  Zergling x6  
  155  10:38  Roach  
  155  10:39  Roach, Zergling x2  
  141  10:43  Hydralisk  
  141  10:44  Zergling x2  
  141  10:46  Roach, Zergling x2  
  141  10:48  Zergling x4  
  136  10:50  Hydralisk  
  136  10:51  Zergling x2  
  136  10:53  Zergling x2  
  136  10:55  Zergling x4  
  130  10:59  Zergling x2  
  130  11:01  Lurker  
  127  11:04  Roach  
  127  11:06  Roach x3  
  127  11:08  Ravager x5  
  127  11:10  Roach, Zergling x2  
  143  11:15  Hydralisk x2  
  147  11:19  Roach, Zergling x2  
  147  11:20  Zergling x2  
  147  11:22  Zergling x2  
  147  11:23  Zergling x2  
  147  11:24  Zergling x2  
  154  11:29  Roach x2  
  154  11:31  Roach  
  154  11:32  Roach  
  157  11:33  Zergling x2  
  157  11:36  Hydralisk  
  157  11:37  Zergling x2  
  157  11:38  Zergling x2  
  159  11:40  Roach  
  159  11:41  Zergling x4  
  159  11:43  Ravager x3  
  159  11:45  Lurker  
  159  11:46  Lurker  
  163  11:47  Zergling x2  
  163  11:48  Zergling x2  
  163  11:55  Roach x4  
  163  11:58  Lurker  
  163  12:00  Zergling x2  
  163  12:01  Roach, Zergling x4  
  174  12:05  Roach, Zergling x4  
  177  12:09  Roach x2  
  177  12:11  Roach, Zergling x2  
  177  12:12  Zergling x2  
  177  12:14  Roach  
  183  12:16  Roach  
  183  12:17  Roach  
  183  12:20  Overlord  
  183  12:22  Overlord  
  187  12:26  Roach, Zergling x4  
  187  12:29  Roach, Zergling x4  
  189  12:33  Roach  
  189  12:34  Hydralisk  
  189  12:35  Hydralisk  
  189  12:36  Zergling x2  
  177  12:39  Hydralisk  
  177  12:41  Hydralisk  
  177  12:42  Zergling x2  
  177  12:43  Zergling x2  
  156  12:47  Hydralisk x2  
  156  12:49  Zergling x2  
  148  12:55  Hydralisk  
  148  12:56  Zergling x4, Hydralisk  
  148  12:57  Zergling x4  
  142  13:00  Drone x2  
  142  13:06  Drone x3, Lurker  
  142  13:07  Drone x2  
  142  13:11  Hydralisk  
  142  13:12  Zergling x6  
  142  13:14  Lurker x2  
  142  13:16  Zergling x2  
  142  13:18  Roach  
  139  13:22  Hydralisk  
  139  13:23  Zergling x6  
  139  13:25  Lurker x2  
  147  13:27  Lurker  
  147  13:30  Drone  
  147  13:31  Drone  
  147  13:32  Drone, Zergling x2  
  147  13:33  Zergling x4  
  150  13:35  Zergling x2  
  150  13:36  Extractor  
  150  13:37  Extractor, Hydralisk  
  150  13:39  Lurker  
  150  13:40  Roach  
  155  13:41  Zergling x2  
  155  13:45  Zergling x2  
Show
View Real Time Build Order
Export as new Build Order

Neeb Protoss - Winner!

Build Orders: 1 Gate Expand, Oracle Opening, Phoenix Opening 

Get SALT Encoding   

  12  0:00  Probe  
  13  0:12  Probe  
  14  0:17  Pylon  
  14  0:24  Probe  
  15  0:30  Assimilator  
  15  0:36  Probe (Chrono Boost)  
  16  0:44  Gateway  
  16  0:48  Probe (Chrono Boost)  
  17  0:53  Probe (Chrono Boost)  
  18  1:03  Probe  
  19  1:15  Probe  
  20  1:23  Nexus  
  20  1:33  Cybernetics Core  
  20  1:37  Probe  
  21  1:42  Assimilator  
  21  1:49  Probe  
  21  1:51  Pylon  
  22  2:01  Probe (Chrono Boost)  
  23  2:08  Adept (Chrono Boost)  
  23  2:13  Probe (Chrono Boost)  
  23  2:14  Stargate  
  26  2:18  Probe (Chrono Boost)  
  26  2:21  Warp Gate  
  27  2:27  Adept (Chrono Boost)  
  29  2:30  Probe  
  29  2:36  Probe  
  31  2:43  Probe  
  32  2:48  Adept (Chrono Boost), Probe  
  35  2:55  Probe  
  36  3:00  Probe, Oracle (Chrono Boost)  
  40  3:06  Pylon  
  40  3:07  Probe  
  41  3:13  Probe  
  41  3:19  Probe  
  43  3:20  Gateway  
  43  3:25  Probe  
  44  3:28  Phoenix (Chrono Boost)  
  44  3:31  Probe  
  47  3:35  Gateway  
  47  3:37  Probe  
  47  3:40  Adept  
  50  3:45  Probe, Pylon  
  51  3:52  Oracle (Chrono Boost)  
  54  3:58  Assimilator  
  54  4:01  Pylon  
  54  4:03  Probe x2  
  56  4:15  Probe  
  58  4:26  Nexus  
  58  4:27  Adept x2  
  58  4:28  Adept  
  58  4:29  Probe x2  
  65  4:33  Assimilator  
  65  4:38  Pylon  
  65  4:41  Probe  
  65  4:43  Probe  
  67  4:48  Adept  
  69  4:55  Probe  
  69  4:57  Probe, Sentry x2  
  75  5:05  Robotics Facility  
  75  5:07  Probe  
  75  5:08  Pylon, Shield Battery  
  75  5:10  Probe  
  73  5:19  Probe  
  74  5:22  Probe  
  74  5:24  Forge  
  74  5:26  Twilight Council  
  75  5:31  Probe  
  75  5:34  Probe  
  77  5:37  Zealot, Sentry x2  
  77  5:38  Probe  
  80  5:43  Probe  
  80  5:46  Probe  
  82  5:50  Probe  
  82  5:51  Immortal (Chrono Boost)  
  82  5:52  Pylon  
  82  5:55  Probe  
  88  5:57  Protoss Ground Weapons Level 1 (Chrono Boost)  
  88  5:58  Probe  
  88  5:59  Pylon x2  
  88  6:02  Probe, Zealot  
  92  6:07  Probe  
  92  6:10  Probe  
  94  6:14  Probe  
  94  6:15  Zealot  
  94  6:18  Blink  
  97  6:19  Probe  
  97  6:22  Robotics Bay  
  97  6:23  Immortal (Chrono Boost)  
  97  6:24  Assimilator  
  102  6:28  Assimilator  
  102  6:35  Probe x2  
  102  6:38  Probe  
  102  6:39  Gateway  
  105  6:41  Gateway  
  105  6:42  Gateway  
  103  7:00  Extended Thermal Lance, Robotics Facility  
  107  7:07  Colossus (Chrono Boost)  
  107  7:13  Photon Cannon  
  107  7:14  Photon Cannon  
  109  7:15  Gateway  
  109  7:16  Probe x2  
  109  7:18  Gateway  
  111  7:25  Pylon  
  111  7:26  Shield Battery  
  111  7:33  Protoss Ground Weapons Level 2 (Chrono Boost)  
  111  7:34  Pylon  
  111  7:35  Pylon  
  111  7:42  Photon Cannon, Stalker x3  
  117  7:47  Pylon  
  117  7:49  Nexus  
  117  7:52  Pylon  
  117  7:54  Colossus (Chrono Boost)  
  123  7:59  Colossus (Chrono Boost)  
  129  8:10  Sentry, Stalker x2  
  129  8:11  Stalker  
  137  8:19  Probe x2  
  139  8:24  Pylon, Photon Cannon  
  139  8:25  Shield Battery  
  139  8:28  Probe  
  139  8:32  Charge (Chrono Boost)  
  140  8:38  Assimilator  
  140  8:40  Assimilator  
  140  8:42  Zealot x6  
  152  8:55  Stalker x2  
  156  9:03  Zealot x5  
  156  9:07  Immortal (Chrono Boost)  
  155  9:13  Immortal (Chrono Boost)  
  118  9:34  Sentry x2, Stalker  
  118  9:35  Stalker  
  118  9:36  Probe x2  
  122  9:43  Sentry, Stalker x3  
  122  9:45  Immortal (Chrono Boost)  
  134  9:49  Immortal (Chrono Boost)  
  138  9:56  Protoss Ground Weapons Level 3 (Chrono Boost)  
  138  10:01  Pylon  
  138  10:04  Pylon  
  138  10:05  Zealot x3  
  144  10:15  Zealot x5  
  144  10:19  Observer  
  141  10:25  Probe  
  141  10:27  Zealot x3  
  130  10:29  Immortal (Chrono Boost)  
  124  10:37  Zealot x3  
  124  10:38  Probe  
  117  10:45  Observer (Chrono Boost)  
  112  10:59  Zealot x6  
  124  11:08  Templar Archives  
  124  11:09  Nexus  
  124  11:14  Immortal (Chrono Boost)  
  128  11:21  Zealot  
  128  11:24  Zealot x2  
  131  11:28  Zealot x2  
  130  11:33  Zealot  
  132  11:41  Zealot  
  132  11:46  Zealot x2  
  132  11:51  High Templar x2  
  134  11:55  Immortal (Chrono Boost)  
  134  11:56  Archon  
  134  11:58  Immortal (Chrono Boost)  
  142  12:08  Sentry, High Templar x2  
  148  12:12  Archon  
  148  12:25  High Templar  
  148  12:26  High Templar  
  148  12:27  Immortal (Chrono Boost)  
  156  12:31  Archon, Immortal (Chrono Boost)  
  158  12:39  Zealot  
  145  12:46  High Templar x2  
  141  12:51  Archon  
  122  13:00  Zealot x3  
  122  13:01  Probe  
  122  13:03  Immortal (Chrono Boost)  
  132  13:06  Immortal (Chrono Boost)  
  136  13:21  High Templar  
  136  13:22  High Templar x3  
  136  13:23  Zealot  
  136  13:26  Archon  
  139  13:29  Archon  
  117  13:55  Zealot x5  

Tags
 
Add a new tag
Caveats
  • Supply blocks, unpowered buildings, or Contaminate may cause inaccurate times.
  • Supply counts are checked every 10 seconds.